AoeStats
← persephone9

Hideout

503582078Analyzed
4v4 RM · 1mo ago on Sep 1, 2026· 67m 37s· 8 players
Game mode
Random Map
Map size
Large (8 player)
Population
200
Speed
Normal
Resources
Standard
Victory
Conquest
Starting age
Dark Age
Ending age
Imperial Age
RankedLock teamsTeams togetherTeam positionsShared explorationLock speedFull tech treeHidden civsTurbo modeCheats
Victory
Defeat
🇨🇳 Spanish · China
782
+13
🇦🇺 Celts · Australia
764
+14
🇨🇳 Turks · China
761
+14
🇨🇳 Aztecs · China
635
+20
🇫🇷 Wei · France
761
-17
🇺🇸 Bohemians · United States
738
-16
🇦🇷 Franks · Argentina
715
-15
🇩🇪 Wei · Germany
690
-14
benedikt.bitter
0:41 Loom
13:36 Feudal Age
14:14 Double-Bit Axe
14:24 Gold Mining
14:24 Stone Mining
14:17 Horse Collar
21:55 Castle Age
20:37 Scale Barding Armor
22:07 Bloodlines
22:13 Forging
23:28 Husbandry
23:37 Heavy Plow
24:56 Gold Shaft Mining
25:31 Iron Casting
27:47 Wheelbarrow
28:19 Stone Shaft Mining
27:45 Town Watch
30:19 Chain Barding Armor
30:42 Hand Cart
32:36 Town Patrol
33:08 Sanctity
35:52 Imperial Age
35:01 Masonry
36:25 Heavy Hei Guang Cavalry
38:13 Caravan
39:14 Bow Saw
40:16 Crop Rotation
40:52 Blast Furnace
41:02 Ming Guang Armor
41:51 Conscription
41:38 Devotion
41:20 Treadmill Crane
43:10 Chemistry
42:06 Fletching
42:21 Tuntian
44:11 Bodkin Arrow
43:40 Light Cavalry
45:01 Hoardings
45:27 Heated Shot
46:00 Ballistics
45:51 Fortified Wall
45:53 Murder Holes
45:43 Hussar
46:54 Pikeman
47:04 Elite Tiger Cavalry
48:44 Illumination
48:11 Guard Tower
49:16 Squires
48:37 Man-at-Arms
48:42 Elite Skirmisher
50:34 Parthian Tactics
52:39 Scale Mail Armor
52:40 Padded Archer Armor
52:41 Bracer
52:03 Long Swordsman
52:35 Heavy Scorpion
55:00 Leather Archer Armor
55:51 Coinage
56:31 Ring Archer Armor
56:05 Arson
56:45 Crossbowman
57:56 Thumb Ring
58:24 Block Printing
58:46 Keep
60:30 Faith
60:32 Chain Mail Armor
59:42 Two-Handed Swordsman
persephone9
0:40 Loom
10:48 Feudal Age
13:52 Town Watch
23:39 Castle Age
21:48 Fletching
21:40 Horse Collar
22:39 Double-Bit Axe
25:47 Fervor
26:20 Caravan
33:39 Imperial Age
33:15 Town Patrol
34:16 Chemistry
33:31 Bow Saw
33:23 Heavy Plow
33:47 Town Patrol
34:47 Bodkin Arrow
37:37 Conscription
38:15 Siege Engineers
45:19 Houfnice
50:33 Bracer
50:34 Padded Archer Armor
50:34 Scale Mail Armor
Selfin06
13:02 Feudal Age
18:06 Castle Age
27:27 Double-Bit Axe
27:24 Horse Collar
32:44 Imperial Age
31:30 Heavy Plow
31:45 Bow Saw
31:29 Gold Mining
31:33 Stone Mining
33:49 Wheelbarrow
33:02 Loom
33:11 Fletching
33:21 Padded Archer Armor
33:27 Scale Barding Armor
33:33 Forging
34:28 Chemistry
33:26 Murder Holes
34:09 Parthian Tactics
34:22 Crop Rotation
34:29 Gold Shaft Mining
34:24 Elite Tiger Cavalry
35:15 Tuntian
36:21 Bodkin Arrow
36:41 Leather Archer Armor
37:03 Iron Casting
37:17 Chain Barding Armor
37:48 Hand Cart
39:37 Ring Archer Armor
39:07 Bracer
40:13 Blast Furnace
56:12 Caravan
jackattak
1:14 Loom
12:56 Feudal Age
13:51 Double-Bit Axe
15:59 Wheelbarrow
18:37 Gold Mining
24:18 Castle Age
22:31 Forging
22:22 Scale Mail Armor
22:27 Scale Barding Armor
22:13 Fletching
22:23 Padded Archer Armor
21:46 Man-at-Arms
22:25 Arson
25:24 Gambesons
26:14 Long Swordsman
26:54 Squires
26:15 Pikeman
27:13 Stone Mining
27:58 Bow Saw
30:37 Bodkin Arrow
30:43 Padded Archer Armor
30:58 Chain Mail Armor
31:22 Hand Cart
33:23 Gold Shaft Mining
35:11 #83
37:35 Ballistics
37:22 Siphons
37:32 Masonry
37:29 Murder Holes
37:45 Fortified Wall
41:00 Imperial Age
41:15 Leather Archer Armor
41:36 Iron Casting
41:22 Chain Barding Armor
42:58 Chemistry
42:29 Architecture
41:53 Guard Tower
42:14 Halberdier
43:25 Arrowslits
44:10 Conscription
45:16 Blast Furnace
44:54 Heavy Scorpion
55:19 Chivalry
55:59 Hoardings
55:11 Cavalier
55:51 Husbandry
55:12 Light Cavalry
56:13 Paladin
60:30 Plate Mail Armor
60:35 Plate Barding Armor
61:38 Plate Barding Armor
bnana2K
11:11 Feudal Age
16:38 Horse Collar
18:36 Double-Bit Axe
22:03 Castle Age
20:28 Loom
23:31 Bloodlines
23:40 Caravan
23:58 Heavy Plow
25:17 Bow Saw
31:33 Imperial Age
30:15 Husbandry
31:10 Forging
33:25 Iron Casting
32:57 Scale Barding Armor
32:23 Heavy Camel Rider
34:33 Two-Man Saw
34:02 Ballistics
33:38 Murder Holes
39:05 Blast Furnace
37:56 Fletching
39:05 Elite Janissary
40:17 Conscription
42:09 Chain Barding Armor
41:45 Bodkin Arrow
42:45 Artillery
57:23 Wheelbarrow
57:56 Treadmill Crane
62:05 Plate Barding Armor
怎么就违规了
12:08 Feudal Age
12:33 Horse Collar
12:38 Double-Bit Axe
18:22 Castle Age
19:14 Eagle Warrior
20:17 Forging
21:21 Wheelbarrow
20:32 Town Watch
20:33 Loom
20:53 Scale Mail Armor
21:19 Heavy Plow
22:19 Squires
22:07 Gambesons
22:48 Arson
26:43 Pikeman
30:48 Ballistics
31:22 Fletching
32:19 Fortified Wall
33:19 Hand Cart
33:06 Town Patrol
37:29 Iron Casting
39:03 Treadmill Crane
40:46 Bow Saw
40:49 Elite Skirmisher
42:08 Gold Mining
42:08 Stone Mining
42:53 Atlatl
43:37 Bodkin Arrow
47:39 Imperial Age
45:20 Padded Archer Armor
47:19 Gold Shaft Mining
47:35 Leather Archer Armor
47:49 Elite Jaguar Warrior
51:05 Chemistry
51:23 Caravan
53:50 Bracer
54:51 Blast Furnace
54:07 Chain Mail Armor
54:41 Conscription
57:32 Garland Wars
68:17 Plate Mail Armor
Theoderic
2:58 Loom
12:08 Feudal Age
12:33 Horse Collar
12:41 Double-Bit Axe
12:45 Man-at-Arms
16:17 Wheelbarrow
16:00 Town Watch
21:19 Castle Age
19:50 Stone Mining
19:53 Gold Mining
22:40 Scale Mail Armor
23:21 Hand Cart
23:20 Bow Saw
23:12 Heavy Plow
25:11 Pikeman
25:37 Gambesons
25:50 Long Swordsman
28:10 Gold Shaft Mining
30:25 Stone Shaft Mining
34:19 Imperial Age
34:27 Fortified Wall
34:37 Ballistics
35:10 Light Cavalry
35:52 Husbandry
37:34 Furor Celtica
37:47 Conscription
37:57 Stronghold
37:32 Two-Handed Swordsman
39:15 Hoardings
39:07 Masonry
39:04 Siege Engineers
40:09 Scale Barding Armor
39:55 Fletching
40:21 Chain Mail Armor
40:17 Forging
39:44 Onager
42:20 Heavy Scorpion
42:53 Halberdier
45:19 Chemistry
44:41 Hussar
47:36 Siege Onager
50:11 Champion
57:01 Capped Ram
精神老头
11:27 Feudal Age
15:42 Castle Age
15:43 Wheelbarrow
15:18 Double-Bit Axe
18:38 Bow Saw
19:57 Town Watch
23:55 Fletching
24:06 Padded Archer Armor
24:38 Hand Cart
24:10 Loom
26:37 Caravan
28:22 Gold Mining
28:23 Stone Mining
28:36 Bodkin Arrow
28:56 Leather Archer Armor
28:48 Scale Barding Armor
32:54 Stone Shaft Mining
38:25 Imperial Age
35:58 Town Patrol
35:52 Horse Collar
37:22 Chain Barding Armor
37:15 Forging
38:51 Ballistics
39:48 Iron Casting
39:49 Plate Barding Armor
38:37 Elite Conquistador
39:57 Hoardings
41:30 Chemistry
40:43 Masonry
41:36 Blast Furnace
40:37 Bracer
41:08 Ring Archer Armor
41:11 Heavy Plow
41:34 Guilds
46:13 Coinage
46:34 Scale Mail Armor
47:33 Chain Mail Armor
47:57 Banking
53:09 Bombard Tower
53:20 Architecture
Connection lost

Rejoining the realm…

Still unreachable

The connection could not be restored.

Session expired

The server has moved on; the page needs a fresh start.